cohdb
Replays
Latest Replays
All Replays
Popular Replays
Top Player Replays
Match Explorer
How It Works
Community
CoH3 Stats
Reddit
Sign in to upload your games and track your stats! →
Sign in with Steam
Match 45114290
Unlisted
Match 45114290
Overview
Messages
Build Orders
End
Construct Infanterie Kompanie
Selects Mechanized Battlegroup
Grenadier Squad
MG 42 Machine Gun Team
Grenadier Squad
Construct Panzergrenadier Kompanie
Panzergrenadier Squad
Panzergrenadier Squad
Support Elements
Selects Raid Package
StuG III G Assault Gun
Medical Station
Panzergrenadier Officer Quarters
Selects StuG Assault Group
Nebelwerfer 42 Rocket Launcher Team
StuG III G Assault Gun
MG 42 Machine Gun Team
Selects UNKNOWN (2160084)
StuG III G Assault Gun
Side Skirts
Pioneer Squad
Pak 40 Anti-tank Gun Team
Pak 40 Anti-tank Gun Team
Selects Spotting Scopes
Selects Wespe Self-propelled Artillery
Construct Panzer Kompanie
Selects Zeroing Artillery Barrage
Zeroing Artillery Barrage
Stoßtruppen Squad
AI Takeover
Kirbyt610
kscott2084
XAPA KENTE
ToxicCheeseMan
Be Frabjous
water
ENIGMA
Hirys it's Irys
0
0
Comments
sign in to comment!
No comments posted yet!